 Dungeon Crawl Stone Soup version 0.24.0-123-gd5b16e6ec5 (webtiles) character file.

Game seed: 16214399373477248014, levelgen mode: deterministic

250 Curus the Cudgeler (level 5, -6/45 HPs)
             Began as a Minotaur Abyssal Knight on Feb 9, 2020.
             Was a Priest of Lugonu.
             Mangled by Crazy Yiuf
             ... wielding a +2 quarterstaff of chaos
              (19 damage)
             ... on level 2 of the Dungeon.
             The game lasted 00:08:09 (2786 turns).

Curus the Cudgeler (Minotaur Abyssal Knight)        Turns: 2786, Time: 00:08:10

Health: -6/45      AC:  5    Str: 17    XL:     5   Next: 88%
Magic:  7/7        EV: 10    Int:  9    God:    Lugonu [***...]
Gold:   192        SH:  0    Dex: 10    Spells: 4/4 levels left

rFire    . . .     SeeInvis .   a - +1 mace
rCold    . . .     Gourm    .   (no shield)
rNeg     . . .     Faith    .   e - +0 ring mail
rPois    .         Spirit   .   (helmet restricted)
rElec    .         Reflect  .   (no cloak)
rCorr    .         Harm     .   (no gloves)
MR       .....                  (no boots)
Stlth    ..........             (no amulet)
HPRegen  0.15/turn              (no ring)
MPRegen  0.10/turn              (no ring)

@: lightly drained
A: retaliatory headbutt, horns 2
a: Depart the Abyss, Bend Space, Banish, Renounce Religion


You were on level 2 of the Dungeon.
You worshipped Lugonu.
Lugonu was most pleased with you.
You were hungry.

You visited 1 branch of the dungeon, and saw 3 of its levels.
You visited the Abyss 1 time.

You collected 192 gold pieces.

Inventory:

Hand Weapons
 a - a +1 mace (weapon)
Armour
 b - a +0 leather armour
 e - a +0 ring mail (worn)
Wands
 g - a wand of random effects (31)
Scrolls
 d - 2 scrolls of identify
 h - 2 scrolls of remove curse
 i - a scroll of fear
Potions
 f - a potion of brilliance
 j - a potion of curing
 k - a potion of flight
Comestibles
 c - a ration


   Skills:
 - Level 3.6(3.2) Fighting
 + Level 5.5(5.1) Maces & Flails
 - Level 2.4(2.0) Armour
 - Level 1.1(0.7) Dodging
 + Level 4.4(4.1) Invocations


You had 4 spell levels left.
You didn't know any spells.
Your spell library was empty.

Dungeon Overview and Level Annotations

Branches:
Dungeon (3/15)

Altars:
The Shining One

Annotations:
D:2 Crazy Yiuf


Innate Abilities, Weirdness & Mutations

You reflexively headbutt those who attack you in melee.
You have a pair of horns on your head.


Message History

Crazy Yiuf hits you with a +2 quarterstaff of chaos!
You feel drained.
You barely miss Crazy Yiuf.
Crazy Yiuf is moderately wounded.
Crazy Yiuf closely misses you.
You hit Crazy Yiuf.
Crazy Yiuf is heavily wounded.
Crazy Yiuf barely misses you.
You hit Crazy Yiuf but do no damage.
Crazy Yiuf is heavily wounded.
Crazy Yiuf hits you with a +2 quarterstaff of chaos.
Crazy Yiuf freezes you.
You hit Crazy Yiuf but do no damage. You headbutt Crazy Yiuf.
Crazy Yiuf is severely wounded.
Crazy Yiuf hits you with a +2 quarterstaff of chaos.
Crazy Yiuf freezes you.
Crazy Yiuf hits you with a +2 quarterstaff of chaos.
* * * LOW HITPOINT WARNING * * *
You are electrocuted!!
You die...

.# #.# #.#
#....####...###
##.#
.###.#####.#
#....#
#....####...
...........#
♣....♣
#....'......
.#########.#
♣...♣♣
#....####... )#
#.# ♣♣.♣♣
#...## ##.# .#
#.# ♣.♣♣ #..##
#.# .# #.# ♣♣.♣
#.## ###.. .#
#.# ♣.♣♣ ###
#.... .# #.#
♣♣@♣ #.... .#
#.# #g# #....
.# #.# ... ###
#.... .# #.#
#...# #.###
#.... .# ###
#..)# #...#
####. .# #####
#.#.# ## .#
###.######## ##
#.........
##########


You could see Crazy Yiuf.

Vanquished Creatures
  2 orc wizards (D:2)
  7 adders
  A worm (D:2)
  3 dart slugs
  5 leopard geckos
  An orc (D:2)
  7 bats
  5 giant cockroaches
  9 goblins
  10 hobgoblins
  9 jackals
  3 frilled lizards
  3 kobolds
  7 rats
72 creatures vanquished.

Vanquished Creatures (others)
  An orc warrior (D:2)
1 creature vanquished.

Grand Total: 73 creatures vanquished

Notes
Turn   | Place    | Note
-------+----------+-------------------------------------------
     0 | Abyss:1  | Curus the Minotaur Abyssal Knight began the quest for the
                  | Orb.
     0 | Abyss:1  | Reached XP level 1. HP: 19/19 MP: 1/1
     0 | Abyss:1  | Found a corrupted altar of Lugonu.
    22 | D:1      | Escaped the Abyss
   238 | D:1      | Reached skill level 3 in Maces & Flails
   238 | D:1      | Reached XP level 2. HP: 24/26 MP: 2/2
   419 | D:1      | Reached ** piety under Lugonu
   553 | D:1      | Reached XP level 3. HP: 29/31 MP: 2/4
  1124 | D:2      | Reached skill level 4 in Maces & Flails
  1127 | D:2      | Reached XP level 4. HP: 14/39 MP: 5/5
  1591 | D:2      | Noticed an ogre
  1921 | D:3      | Reached *** piety under Lugonu
  2242 | D:3      | Reached XP level 5. HP: 44/45 MP: 6/6
  2298 | D:2      | Noticed an orc warrior
  2302 | D:2      | Banished an orc warrior
  2302 | D:2      | Reached skill level 5 in Maces & Flails
  2451 | D:2      | Found a runed translucent door.
  2452 | D:2      | Noticed Crazy Yiuf
  2606 | D:2      | Found a glowing golden altar of the Shining One.
  2786 | D:2      | Mangled by Crazy Yiuf

Levels and vault maps discovered:
D:1:      scummos_arrival_gate, layout_loops_corners, serial_bayou_lagoon_b
D:2:      layout_loops_corners, nicolae_tso_swordbearing_angel,
          kennysheep_decorative_pillar, minmay_randomly_rotated_circles,
          uniq_crazy_yiuf_cottage
D:3:      layout_basic, nicolae_qazlal_general_emergency,
          chequers_ecumenical_altar_simple, grunt_ministairs_1

Skill      XL: |  1  2  3  4  5 |
---------------+----------------+-----
Invocations    | 2 3 4 |  4.4
Maces & Flails | 3 4 5 |  5.5
Fighting       | |  3.6
Armour         | |  2.4
Dodging        | |  1.1

Action                   |  1- 3 |  4- 6 || total
-------------------------+-------+-------++-------
Melee: Mace              |    83 |   129 ||   212
       Headbutt          |     9 |    12 ||    21
Invok: Banish            |       |     1 ||     1
  Use: Potion            |     4 |     3 ||     7
       Scroll            |     4 |     1 ||     5
  Eat: Chunk             |     1 |     5 ||     6
Armor: Leather armour    |    18 |       ||    18
       Ring mail         |    13 |    58 ||    71
       Skin              |       |     4 ||     4
Dodge: Dodged            |    66 |   100 ||   166
